 Dungeon Crawl Stone Soup version 0.27-a0-1219-g958d993ae5 (console) character file.

Game seed: 10123209549782860175

12 jejorda2 the Slasher (level 2, -2/24 HPs)
             Began as a Merfolk Berserker on June 6, 2021.
             Was a Follower of Trog.
             Slain by a worm (9 damage)
             ... on level 2 of the Dungeon.
             The game lasted 00:00:49 (201 turns).

jejorda2 the Slasher (Merfolk Berserker)             Turns: 201, Time: 00:00:49

Health: -2/24      AC:  2    Str: 17    XL:     2   Next: 33%
Magic:  2/2        EV: 12    Int:  6    God:    Trog [*.....]
Gold:   23         SH:  0    Dex: 13    Spells: 1/1 levels left

rFire    . . .     SeeInvis .   a - +0 falchion
rCold    . . .     Faith    .   (no shield)
rNeg     . . .     Spirit   .   b - +0 animal skin
rPois    .         Reflect  .   (no helmet)
rElec    .         Harm     .   (no cloak)
rCorr    .         Rampage  .   (no gloves)
Will     .....                  (no boots)
Stlth    +.........             c - amulet of the acrobat
HPRegen  0.08/turn              (no ring)
MPRegen  0.08/turn              (no ring)

@: no status effects
A: (nimble swimmer 2), mertail
a: Renounce Religion, Berserk


You were on level 2 of the Dungeon.
You worshipped Trog.
Trog was aware of your devotion.
You visited 1 branch of the dungeon, and saw 2 of its levels.

You collected 23 gold pieces.

Inventory:

Hand Weapons
 a - a +0 falchion (weapon)
Armour
 b - a +0 animal skin (worn)
Jewellery
 c - an amulet of the acrobat (around neck)
 d - an amulet of reflection
Potions
 e - a potion of curing {unknown}


   Skills:
 + Level 3.5 Fighting
 * Level 3.7 Long Blades
 + Level 1.6 Armour
 - Level 2.6 Dodging


You had one spell level left.
You didn't know any spells.
Your spell library was empty.

Dungeon Overview and Level Annotations

Branches:
Dungeon (1/15)

Altars:

Annotations:
D:2 Robin


Innate Abilities, Weirdness & Mutations

((You are quick and stealthy near water. (Stealth+, EV+, Speed+++)))
Your lower body shifts to a powerful aquatic tail in water.


Message History

The goblin closely misses you.
You riposte.
You closely miss the goblin.
The goblin is severely wounded.
You barely miss the goblin.
The goblin is severely wounded.
The goblin hits you but does no damage.
Robin of the Strong Arm comes into view.
They are wielding a +0 whip.
The goblin hits you with a +0 dagger.
You barely miss the goblin.
The goblin is severely wounded.
Robin shouts!
The goblin hits you with a +0 dagger.
You hit the goblin.
You kill the goblin!
Trog accepts your kill.
The goblin shoots a stone.
The stone barely misses you.
A goblin comes into view. It is wielding a +0 club.
The goblin unwields a +0 hunting sling.
The goblin wields a +0 dagger.
The goblin barely misses you.
You riposte.
You slash the goblin!
You kill the goblin!
Trog accepts your kill.
Robin roars a battlecry!
The goblin goes into a battle-frenzy!
You hear a shout!
Items here: ))) †.
A worm comes into view.
The goblin shouts!
You hear a shout! x2
Found 18 stones.
Found a scroll labelled AGUTOE KOAKH.
The worm bites you!
* * * LOW HITPOINT WARNING * * *
You slash the worm!
The worm is moderately wounded.
The worm closely misses you.
You barely miss the worm.
The worm is moderately wounded.
You hit the worm.
The worm is heavily wounded.
Robin says, "My goblins will feast on your bones."
Robin throws the goblin at you! The worm bites you!
You die...

...g.g..................
...####...............
.g.##............... #
#.##............... ##.
#..))....†......... ?...
####........#######
#..## #.......##
#..g###..#..##
#(@wg.....# ####..#....#
......#... .##........
.. ...###### .. ##.# ...
.# ... ..


You could see a worm, Robin and a goblin (strong).

Vanquished Creatures
  A giant cockroach (D:1)
  5 goblins
  2 hobgoblins
  2 frilled lizards
  A rat (D:1)
11 creatures vanquished.

Notes
Turn   | Place    | Note
-------+----------+-------------------------------------------
     0 | D:1      | jejorda2 the Merfolk Berserker began the quest for the Orb.
     0 | D:1      | Reached XP level 1. HP: 18/18 MP: 1/1
    14 | D:1      | Noticed a killer bee
    14 | D:1      | Noticed a hog
    14 | D:1      | Noticed a wyvern
    14 | D:1      | Noticed an iguana
   100 | D:1      | You fall into a shaft and drop 1 floor!
   106 | D:2      | Reached XP level 2. HP: 21/24 MP: 2/2
   187 | D:2      | Noticed Robin
   201 | D:2      | Slain by a worm

Illustrated notes

Levels and vault maps discovered:
D:1:      onia_arrival_zoo_common, layout_basic, serial_shops,
          nicolae_shop_trees, ebering_ecumenical_altar_abandoned
D:2:      layout_rooms, uniq_robin, uniq_natasha

Action                   || total
-------------------------++-------
Melee: Falchion          ||    29
Armor: Animal skin       ||     1
Dodge: Dodged            ||    18
       Rpst.: Falchion   ||     7

Table legend: (Time is in decaauts)
 A = Elapsed time spent in this place.
 B = Non-inter-level travel time spent in this place.
 C = Inter-level travel time spent in this place.
 D = Time resting spent in this place.
 E = Time spent auto-exploring this place.
 F = Levels seen in this place.
 G = Mean time per level.
                   A        B        C        D        E       F      G
               +--------+--------+--------+--------+--------+-----+--------+
         Total |    204 |    204 |      0 |      0 |    102 |   2 |  102.0 |
       Dungeon |    204 |    204 |      0 |      0 |    102 |   2 |  102.0 |
               +--------+--------+--------+--------+--------+-----+--------+

Top non-repeatable levels by time:
     D:2: 103 daAuts
     D:1: 101 daAuts
